 Dungeon Crawl Stone Soup version 0.20-a0-1124-g2e29d97 (webtiles) character file.

5925 Monsterracer the Geomancer (level 10, -7/88 HPs)
             Began as a Gargoyle Earth Elementalist on May 15, 2017.
             Was a Priest of Vehumet.
             Hit by a large rock thrown by a stone giant (11 damage)
             ... on level 9 of the Dungeon.
             The game lasted 00:38:06 (12074 turns).

Monsterracer the Geomancer (GrEE)                  Turns: 12074, Time: 00:38:07

Health: -7/88      AC: 26    Str: 12    XL:     10   Next: 83%
Magic:  17/19      EV:  2    Int: 24    God:    Vehumet [***...]
Gold:   423        SH:  5    Dex: 14    Spells: 5/21 levels left

rFire    . . .     SeeInvis .   j - +2 morningstar (protect)
rCold    . . .     Gourm    .   (no shield)
rNeg     + + +     Faith    .   (armour currently unavailable)
rPois    ∞         Spirit   .   (helmet currently unavailable)
rElec    .         Reflect  +   (cloak currently unavailable)
rCorr    .         Harm     .   (gloves currently unavailable)
MR       .....     NoTele   +   (boots currently unavailable)
Stlth    ++........             o - +5 amulet of reflection
Regen    0.3/turn               p - +4 ring of dexterity
MPRegen  0.2/turn               v - +1 ring of protection

@: brilliant, tree-form
A: negative energy resistance 1, petrification resistance, rot immunity, AC +7
a: Renounce Religion


You were on level 9 of the Dungeon.
You worshipped Vehumet.
Vehumet was most pleased with you.
You were not hungry.
You were a tree.
You visited 2 branches of the dungeon, and saw 10 of its levels.

You collected 577 gold pieces.
You spent 154 gold pieces at shops.

Inventory:

Hand Weapons
 j - a +2 morningstar of protection (weapon)
Missiles
 b - 177 stones (quivered)
Armour
 c - a +1 robe (melded)
 e - a +0 pair of gloves (melded)
 m - a +2 cloak (melded)
 r - a +0 helmet (melded)
Jewellery
 o - a +5 amulet of reflection (around neck)
 p - a +4 ring of dexterity (left branch)
 s - an uncursed amulet of the gourmand
 v - a +1 ring of protection (right branch)
Scrolls
 a - 4 scrolls of identify
 i - a scroll of remove curse
 n - 7 scrolls of teleportation
Potions
 h - a potion of heal wounds
 k - 2 potions of brilliance
 l - 2 potions of lignification
 q - 2 potions of resistance
 t - a potion of mutation
 u - 2 potions of curing
Comestibles
 d - 6 bread rations
 f - 3 meat rations
 g - 15 royal jellies


   Skills:
 + Level 5.4 Fighting
 + Level 6.2 Maces & Flails
 - Level 2.0 Dodging
 - Level 2.1 Stealth
 + Level 6.4 Spellcasting
 + Level 7.2 Conjurations
 - Level 0.7 Transmutations
 * Level 11.9 Earth Magic


You had 5 spell levels left.
You knew the following spells:

 Your Spells              Type           Power        Failure   Level  Hunger
a - Sandblast             Erth           ######       1%          1    None
b - Passwall              Tmut/Erth      ######....   1%          2    None
c - Stone Arrow           Conj/Erth      ######       1%          3    None
d - Lee's Rapid Deconstr  Erth           ######....   1%          5    #####..
e - Throw Flame           Conj/Fire      #####.       1%          2    None
f - Regeneration          Chrm/Necr      ###.......   2%          3    None


Dungeon Overview and Level Annotations

Branches:
Dungeon (9/15)             Temple (1/1) D:4            Lair (0/6) D:9
    Orc: D:9-12

Altars:
Ashenzari
Cheibriados
Dithmenos
Elyvilon
Fedhas
Gozag
Hepliaklqana
Kikubaaqudgha
Makhleb
Nemelex Xobeh
Qazlal
Ru
Sif Muna
Trog
Uskayaw
Vehumet
Wu Jian
Xom
Zin
The Shining One
Beogh

Shops:
D:8 !

Annotations:
D:7 5 runed doors


Innate Abilities, Weirdness & Mutations

You are resistant to torment.
((Your stone body is resilient. (AC +7)))
You are immune to poison.
You resist negative energy. (rN+)
((You are resistant to electric shocks. (rElec)))
((You can survive without breathing.))
You are immune to petrification.
You are immune to rotting.


Message History

You feel strangely stable.
The stone giant throws a large rock.
The large rock hits you.
The orc warrior hits you but does no damage.
The basilisk bites you!
The basilisk bites you but does no damage.
The orc warrior hits you with a flail.
Unknown command.
The stone giant throws a large rock.
The large rock hits you!!
* * * LOW HITPOINT WARNING * * *
The basilisk gazes at you. You resist with some effort.
Unknown command.
Okay, then.
Okay, then.
You cannot teleport because you are held in place by your roots.
Okay, then.
You feel clever all of a sudden. You block the orc warrior's attack.
The stone giant throws a large rock.
The large rock hits you!
You die...

##.#.#.### #......# ...#.#...#
#......# *** .#####.#.# #......#
*********,, .....#.#.### #..<...#
*,,,,,,,,,*
####.###.'.###.>.####*#**********
...#.....#...'...#*##8##*_***
##.#####.#####...##8...8,,,8##*
.#..†....# ##l###...$.,,,,####
##'####### #o♣#W.....,,,,>#.# #.#
#(.##.....,,,,*#.# #.#
#.###8...8,,,8*#.# #.# ##.#
*##8##*_***#.# ##.###########..#
*## *#####.#
................##########.....#
#.############C................#
#.# #.###########.....# #.# #.#
#.....##


You could see a stone giant, a phantom, a basilisk and an orc warrior.

Vanquished Creatures
  Erolcha (D:9)
  2 hippogriffs
  5 yaks (D:9)
  2 water moccasins
  2 black bears (D:9)
  4 orc warriors
  2 ice beasts
  A sky beast (D:7)
  A hornet zombie (D:5)
  2 centaurs
  7 ogres
  3 bullfrogs
  2 scorpions
  3 killer bees (D:7)
  5 wights (D:6)
  A howler monkey (D:4)
  2 crimson imps (D:8)
  A quasit (D:9)
  8 orc priests
  2 bullfrog zombies
  5 hounds
  5 jellies
  4 bullfrog skeletons
  6 iguanas
  2 centaur skeletons (D:7)
  3 orc wizards
  3 worker ants
  4 hound skeletons
  A worker ant zombie (D:7)
  3 gnolls (D:5)
  7 adders
  A hound simulacrum (D:9)
  3 shadow imps
  5 oozes (D:8)
  An adder zombie (D:5)
  3 adder skeletons
  3 worms
  A worm (shapeshifter) (D:9)
  4 dart slugs (D:2)
  9 leopard geckos
  44 orcs
  2 ball pythons
  8 giant cockroaches
  9 goblins
  6 hobgoblins
  6 jackals
  4 quokkas
  5 bats
  8 frilled lizards
  A jackal skeleton (D:5)
  16 kobolds
  A leopard gecko skeleton (D:6)
  A quokka skeleton (D:5)
  7 rats
247 creatures vanquished.

Notes
Turn   | Place    | Note
-------+----------+-------------------------------------------
     0 | D:1      | Monsterracer the Gargoyle Earth Elementalist began the quest for the Orb.
     0 | D:1      | Reached XP level 1. HP: 10/10 MP: 3/3
   487 | D:1      | Reached skill level 4 in Earth Magic
   555 | D:1      | Reached XP level 2. HP: 15/15 MP: 3/5
   581 | D:1      | Learned a level 2 spell: Passwall
  1033 | D:2      | Found a shimmering altar of Xom.
  1316 | D:2      | Reached XP level 3. HP: 19/19 MP: 4/6
  1599 | D:2      | Learned a level 3 spell: Stone Arrow
  2080 | D:2      | Reached skill level 5 in Earth Magic
  2080 | D:2      | Reached XP level 4. HP: 24/24 MP: 3/8
  2320 | D:2      | Found a shattered altar of Ashenzari.
  2446 | D:2      | Reached skill level 1 in Conjurations
  2468 | D:3      | Found a faded altar of an unknown god.
  2980 | D:3      | You fall through a shaft for 3 floors!
  3023 | D:6      | Reached XP level 5. HP: 28/28 MP: 6/9
  3335 | D:6      | Reached skill level 6 in Earth Magic
  3367 | D:6      | Noticed a water moccasin
  3376 | D:5      | Entered Level 5 of the Dungeon
  3470 | D:5      | Reached XP level 6. HP: 24/32 MP: 3/10
  3477 | D:5      | Learned a level 5 spell: Lee's Rapid Deconstruction
  4459 | D:4      | Learned a level 1 spell: Sandblast
  4557 | D:4      | Found a staircase to the Ecumenical Temple.
  4564 | Temple   | Entered the Ecumenical Temple
  4623 | Temple   | Became a worshipper of Vehumet
  4643 | D:4      | Found a blossoming altar of Fedhas.
  4841 | D:4      | Reached skill level 1 in Maces & Flails
  5154 | D:4      | Reached skill level 7 in Earth Magic
  5154 | D:4      | Reached XP level 7. HP: 36/36 MP: 3/12
  5344 | D:4      | Found a shimmering altar of Xom.
  5345 | D:4      | Found a hazy altar of Hepliaklqana.
  5346 | D:4      | Noticed a spectral ugly thing
  5910 | D:5      | Found a bloodstained altar of Trog.
  6473 | D:6      | Reached XP level 8. HP: 41/41 MP: 4/14
  6601 | D:6      | Reached skill level 8 in Earth Magic
  6697 | D:6      | Reached * piety under Vehumet
  6697 | D:6      | Offered knowledge of Flame Tongue by Vehumet.
  6771 | D:6      | Learned a level 3 spell: Regeneration
  6987 | D:6      | Reached skill level 1 in Fighting
  7418 | D:7      | Noticed a hippogriff
  7427 | D:7      | Killed a hippogriff
  7728 | D:6      | Reached skill level 5 in Conjurations
  7728 | D:6      | Reached skill level 9 in Earth Magic
  7849 | D:6      | Reached XP level 9. HP: 49/49 MP: 13/16
  7885 | D:7      | Reached skill level 5 in Spellcasting
  8648 | D:7      | Found a runed door.
  8680 | D:7      | Found a runed gate.
  8918 | D:7      | Reached ** piety under Vehumet
  9018 | D:7      | Offered knowledge of Throw Flame by Vehumet.
  9027 | D:7      | Learned a level 2 spell: Throw Flame
  9041 | D:7      | Found a runed gate.
  9042 | D:7      | Found a runed door.
  9053 | D:7      | Found a runed gate.
  9095 | D:7      | Reached skill level 10 in Earth Magic
  9782 | D:8      | Found an opulent altar of Gozag.
  9835 | D:8      | Found Xuyth's Distillery.
  9841 | D:8      | Bought a potion of mutation for 112 gold pieces
  9841 | D:8      | Bought a potion of curing for 42 gold pieces
 10268 | D:8      | Reached skill level 5 in Maces & Flails
 10428 | D:8      | Found an ancient bone altar of Kikubaaqudgha.
 10429 | D:8      | Found a blossoming altar of Fedhas.
 10580 | D:8      | Found a roughly hewn altar of Beogh.
 10586 | D:8      | Offered knowledge of Searing Ray by Vehumet.
 10588 | D:8      | Reached XP level 10. HP: 56/56 MP: 10/18
 10862 | D:8      | Found a burning altar of Makhleb.
 11104 | D:9      | Reached *** piety under Vehumet
 11104 | D:9      | Reached skill level 11 in Earth Magic
 11201 | D:9      | Found a staircase to the Lair.
 11398 | D:9      | Found a shadowy altar of Dithmenos.
 11450 | D:9      | Noticed Erolcha
 11465 | D:9      | Killed Erolcha
 11465 | D:9      | Reached skill level 5 in Fighting
 11632 | D:9      | Offered knowledge of Mephitic Cloud by Vehumet.
 12013 | D:9      | Noticed an ettin
 12024 | D:9      | Noticed a stone giant
 12073 | D:9      | HP: 4/88 [stone giant/large rock (24)]
 12074 | D:9      | Hit by a large rock thrown by a stone giant

Vault maps used:
D:1:      denvon_arrival_hothouse
D:2:      lemuel_round_altar, grunt_ministairs_4, xom_teletrap_fun
D:3:      cheibrodos_pilgrimage, chequers_ecumenical_altar_simple,
          portal_sewer_entry_f
D:4:      regret_index_temple_of_mockery, minmay_temple_entry_statues_fountains,
          fedhas_altar_3
D:5:      first_bread, bloody_trog
D:7:      minmay_guarded_unrand_staff_of_olgreb
D:8:      grunt_temple_overflow_growth_and_decay, kennysheep_mini_moat,
          lemuel_coloured_pillars_altar, special_room, serial_shops, shop,
          hangedman_little_slice_of_home
D:9:      nicolae_overflow_hidden_temple, lair_entry_dummy,
          minmay_the_grid_plus_closed, uniq_erolcha
Temple:   nicolae_temple_hex_pool

Skill      XL: |  1  2  3  4  5  6  7  8  9 10 |
---------------+-------------------------------+-----
Earth Magic    | 4 5 6 7 9 10 11 | 11.9
Conjurations   | 1 2 3 5 6 7 |  7.2
Spellcasting   | 3 4 5 6 |  6.4
Maces & Flails | 1 2 4 5 6 |  6.2
Fighting       | 2 4 5 |  5.4
Dodging        | 2 |  2.0
Stealth        | |  2.1
Transmutations | |  0.7

Action                   |  1- 3 |  4- 6 |  7- 9 | 10-12 || total
-------------------------+-------+-------+-------+-------++-------
Melee: Dagger            |    28 |       |       |       ||    28
       Hand axe          |     4 |       |       |       ||     4
       Morningstar       |       |    59 |   104 |    47 ||   210
 Cast: Sandblast         |    49 |   103 |    95 |    17 ||   264
       Stone Arrow       |       |     1 |    44 |    26 ||    71
       Passwall          |       |       |     1 |       ||     1
       Lee's Rapid Decon |       |       |     4 |     7 ||    11
       Throw Flame       |       |       |       |     3 ||     3
  Use: Potion            |     3 |     6 |     2 |     2 ||    13
       Scroll            |       |     7 |     5 |     5 ||    17
 Stab: Sleeping          |     2 |       |     2 |       ||     4
  Eat: Chunk             |     4 |    10 |    18 |     6 ||    38
       Royal jelly       |       |       |     1 |       ||     1
       Meat ration       |       |       |       |     1 ||     1
Armor: Robe              |    15 |    34 |    67 |    25 ||   141
       Skin              |       |       |       |     2 ||     2
Dodge: Dodged            |    33 |    87 |    86 |    45 ||   251
Block: Other             |       |     1 |    30 |    12 ||    43
       Reflection        |       |       |     1 |       ||     1
